 Dungeon Crawl Stone Soup version 0.31-a0-202-g547052bce9 (webtiles) character file.

Game seed: 18231453007434898290

32 qw the Shooter (level 3, -2/20 HPs)
             Began as a Deep Elf Hunter on June 26, 2023.
             Slain by Natasha (7 damage)
             ... on level 2 of the Dungeon.
             The game lasted 00:00:24 (990 turns).

qw the Shooter (Deep Elf Hunter)                     Turns: 990, Time: 00:00:25

Health: -2/20      AC:  6    Str: 10    XL:     3   Next: 10%
Magic:  5/5        EV: 11    Int: 13    God:
Gold:   98         SH:  0    Dex: 18    Spells: 2/2 levels left

rFire   . . .        Y - +0 shortbow
rCold   . . .        (shield currently unavailable)
rNeg    . . .        g - +0 ring mail
rPois   .            j - +0 helmet
rElec   .            (no cloak)
rCorr   .            (no gloves)
SInv    .            (no boots)
Will    .....        (no amulet)
Stlth   +            (no ring)
HPRegen 0.23/turn    (no ring)
MPRegen 0.09/turn

%: no passive effects
@: no status effects
A: no striking features
a: no special abilities


You were on level 2 of the Dungeon.
You visited 1 branch of the dungeon, and saw 2 of its levels.

You collected 98 gold pieces.


   Skills:
 - Level 1.5 Fighting
 + Level 6.7 Ranged Weapons
 - Level 2.4 Dodging
 - Level 1.2 Stealth


You had 2 spell levels left.
You didn't know any spells.
Your spell library was empty.

Inventory:

Hand Weapons
 Y - a +0 shortbow (weapon)
Armour
 g - a +0 ring mail (worn)
 j - a +0 helmet (worn)
Scrolls
 a - a scroll of teleportation {unknown}
Potions
 e - a potion of might {unknown}
 f - a potion of mutation {unknown}
 h - a potion of degeneration {unknown}
 i - a potion of attraction {unknown}

Dungeon Overview and Level Annotations

Branches:
Dungeon (2/15)

Altars:
Nemelex Xobeh

Annotations:
D:2 Natasha


Message History

You now have 98 gold pieces (gained 18).
Enter note:
Enter note: A hobgoblin comes into view.
The hobgoblin shouts!
Enter note:
Enter note: You shoot an arrow.
The arrow hits the hobgoblin!
You kill the hobgoblin!
Natasha, Servant of Life and Death comes into view.
Enter note:
Enter note: You shoot an arrow.
Natasha hisses angrily.
The arrow hits Natasha!
Natasha is heavily wounded.
You shoot an arrow. The arrow hits Natasha.
Natasha is heavily wounded.
Natasha casts a spell.
You shoot an arrow.
The arrow hits Natasha but does no damage.
Natasha is heavily wounded.
Natasha casts a spell at you. The magic dart hits you!
Ouch! That really hurt!
The cerulean imp barely misses you.
You shoot an arrow. The arrow hits Natasha.
Natasha is heavily wounded.
The cerulean imp hits you but does no damage.
You shoot an arrow.
The arrow hits Natasha but does no damage.
Natasha is heavily wounded.
Natasha barely misses you. The cerulean imp closely misses you.
You shoot an arrow. The arrow hits Natasha.
Natasha is almost dead.
Natasha claws you. The cerulean imp barely misses you.
Natasha claws you but does no damage.
You shoot an arrow. The arrow barely misses Natasha.
The cerulean imp barely misses you. Natasha claws you!
You die...

####### # #### .......
.. ... . ....... ###...
). .. ....... )...>
.##. .......
####.###...
.....%.####........#
.....5.h...........#
......#@###........#
........##.>.......#
......................#
..........#######.#.###
.........###......#.#
.........##.......#.#
....................#
............)....<..#
.........#..........#


You could see Natasha and a cerulean imp (summoned).

Vanquished Creatures
  A dart slug (D:1)
  4 bats
  6 endoplasms
  2 hobgoblins
  9 kobolds
  2 ball pythons (D:1)
  2 goblins
  3 rats (D:1)
29 creatures vanquished.

Notes
Turn   | Place    | Note
-------+----------+-------------------------------------------
     0 | D:1      | qw the Deep Elf Hunter began the quest for the Orb.
     0 | D:1      | Reached XP level 1. HP: 12/12 MP: 3/3
     0 | D:1      | 0 ||| qw: Version: 0.3-a-22-g0ed2b0b
     0 | D:1      | 0 ||| qw: Game counter: 5829
     0 | D:1      | 0 ||| qw: Melee chars always use a shield: true
     0 | D:1      | 0 ||| qw: God list: Okawaru
     0 | D:1      | 0 ||| qw: Allow faded altars: false
     0 | D:1      | 0 ||| qw: Do Orc after clearing Dungeon:15 true
     0 | D:1      | 0 ||| qw: Do second Lair branch before Depths: true
     0 | D:1      | 0 ||| qw: Lair rune preference: random
     0 | D:1      | 0 ||| qw: Goals: Normal
     0 | D:1      | 0 ||| PLANNING D:1-11
    20 | D:1      | 20 ||| FLEEEEING.
    21 | D:1      | 21 ||| FLEEEEING.
    22 | D:1      | 22 ||| FLEEEEING.
    23 | D:1      | 23 ||| FLEEEEING.
    24 | D:1      | 24 ||| FLEEEEING.
    25 | D:1      | 25 ||| FLEEEEING.
    26 | D:1      | 26 ||| FLEEEEING.
    27 | D:1      | 27 ||| FLEEEEING.
    28 | D:1      | 28 ||| FLEEEEING.
   149 | D:1      | Reached XP level 2. HP: 13/16 MP: 4/4
   210 | D:1      | Reached skill level 6 in Ranged Weapons
   759 | D:1      | 759 ||| UPGRADING to +0 ring mail.
   769 | D:1      | 769 ||| DROPPING +0 leather armour.
   770 | D:1      | 770 ||| UPGRADING to +0 helmet.
   775 | D:1      | 775 ||| READING scroll labelled SILAER ONWUDAYQE.
   776 | D:1      | 776 ||| DROPPING scroll of butterflies.
   843 | D:2      | 843 ||| STAIRDANCE
   908 | D:2      | Found a sparkling altar of Nemelex Xobeh.
   936 | D:2      | Reached XP level 3. HP: 20/20 MP: 5/5
   983 | D:2      | Noticed Natasha
   989 | D:2      | HP: 5/20 [Natasha (6)]
   990 | D:2      | Slain by Natasha

Levels and vault maps discovered:
D:1:      minmay_arrival_arboretum_large, layout_basic
D:2:      layout_rooms, basic_altar, uniq_natasha

Skill      XL: |  1  2 |
---------------+-------+-----
Ranged Weapons | 6 |  6.7
Fighting       | |  1.5
Dodging        | |  2.4
Stealth        | |  1.2

Action                     || total
---------------------------++-------
   Fire: Shortbow          ||    90
    Use: Scroll            ||     1
 Armour: Leather armour    ||     9
         Ring mail         ||     4
  Dodge: Dodged            ||    23

Table legend:
 A = Non-vault XP
 B = Vault XP
 C = Vault XP percentage of total XP
 D = Non-vault monster count
 E = Vault monster count
 F = Vault count percentage of total count
                 A         B        C        D         E       F
            +---------+---------+-------+---------+---------+-------
      Total |      47 |       0 |   0.0 |      29 |       0 |   0.0
            +---------+---------+-------+---------+---------+-------
        D:1 |      35 |       0 |   0.0 |      22 |       0 |   0.0
        D:2 |      12 |       0 |   0.0 |       7 |       0 |   0.0
            +---------+---------+-------+---------+---------+-------
